 Dungeon Crawl Stone Soup version 0.28.0-53-g5a82cb258f (webtiles) character file.

Game seed: 7066981744000131385

18 Plasmagod the Shooter (level 2, 14/14 HPs)
             Began as a Spriggan Hunter on July 20, 2022.
             Was a Follower of the Shining One.
             Quit the game on level 1 of the Dungeon.
             The game lasted 00:01:38 (621 turns).

Plasmagod the Shooter (Spriggan Hunter)              Turns: 621, Time: 00:01:39

Health: 14/14      AC:  2    Str:  8    XL:     2   Next: 48%
Magic:  3/3        EV: 17    Int: 12    God:    the Shining One [*.....]
Gold:   33         SH:  0    Dex: 15    Spells: 1/1 levels left

rFire   . . .      SeeInvis +   a - +1 shortbow
rCold   . . .      Faith    .   (shield currently unavailable)
rNeg    . . .      Spirit   .   c - +0 robe
rPois   .          Reflect  .   (helmet restricted)
rElec   .          Harm     .   (no cloak)
rCorr   .          Rampage  .   (gloves unavailable)
Will    .....                   (boots unavailable)
Stlth   +.........              (no amulet)
HPRegen 0.04/turn               (no ring)
MPRegen 0.08/turn               (no ring)

@: glowing, very quick
A: very small, no large weapons, unfitting armour, see invisible, speed 3
a: Renounce Religion, Divine Shield


You were on level 1 of the Dungeon.
You worshipped the Shining One.
The Shining One was aware of your devotion.
You visited 1 branch of the dungeon, and saw 1 of its levels.

You collected 33 gold pieces.

Inventory:

Hand Weapons
 a - a +1 shortbow (weapon)
 b - a +0 short sword
Missiles
 d - 15 arrows (quivered ammo)
Armour
 c - a +0 robe (worn)
Scrolls
 g - 2 scrolls of teleportation {unknown}
 h - a scroll of magic mapping {unknown}
 j - a scroll of amnesia {unknown}
Potions
 e - a potion of attraction {unknown}
 f - 2 potions of berserk rage {unknown}
 i - a potion of ambrosia {unknown}


   Skills:
 + Level 1.6 Fighting
 + Level 0.1 Short Blades
 + Level 5.6 Bows
 + Level 2.7 Dodging
 + Level 1.5 Stealth


You had one spell level left.
You didn't know any spells.
Your spell library was empty.

Dungeon Overview and Level Annotations

Branches:
Dungeon (1/15)

Altars:
The Shining One


Innate Abilities, Weirdness & Mutations

You are very small and have problems with some larger weapons.
You are too small for most types of armour.
You have supernaturally acute eyesight. (SInv)
You cover ground extremely quickly. (Speed+++)


Message History

Aim: an endoplasm (asleep, 98% to hit)
You shoot an arrow. The arrow hits the endoplasm!
You kill the endoplasm!
g - 2 scrolls labelled KECKAN DIRGHEEM (gained 1)
A quokka comes into view.
Fire: 16 arrows
Press: ? - help, Q - select action Shift-Dir - straight line, f - quokka
Aim: a quokka (51% to hit)
You shoot an arrow.
The arrow hits the quokka but does no damage.
Fire: 15 arrows
Press: ? - help, Q - select action Shift-Dir - straight line, f/p - quokka
Aim: a quokka (51% to hit)
You shoot an arrow. The arrow hits the quokka.
You kill the quokka!
Found a leather armour.
d - 15 arrows (gained 1)
A bat comes into view.
Fire: 15 arrows
Press: ? - help, Q - select action Shift-Dir - straight line, f - bat
Aim: a bat (asleep, 98% to hit)
You shoot an arrow. The arrow completely misses the bat.
Fire: 14 arrows
Press: ? - help, Q - select action Shift-Dir - straight line, f/p - bat
Aim: a bat (asleep, 98% to hit)
You shoot an arrow. The arrow hits the bat!
You kill the bat!
Found 25 stones.
d - 15 arrows (gained 2)
You see here a bat corpse.
You open the door.
Found a faded altar of an unknown god.
There is an open door here.
There is a faded altar of an unknown god here.
You cannot tell which god this altar belongs to.
Convert to them anyway?
The Shining One accepts your prayer! The Shining One welcomes you!
You and your allies can now gain power from killing the unholy and evil.
You can now call upon the Shining One for a divine shield.
Are you sure you want to abandon this character and quit the game? (Confirm with "yes".)

##+ #.. #.. #.. #.. ##### ♣..
#§.§## ♣. #§§§.# ♣♣
##########§§@.# ♣ #.........§.§.#
♣ ####.###.........# ♣♣
#................# ♣)
##....(###'##+##### ♣♣#.
#..........# #... #......†#..#
######...
#.......#.....###########....'..>
#.......##.###............####...


There were no monsters in sight!

Vanquished Creatures
  A ball python (D:1)
  2 bats (D:1)
  An endoplasm (D:1)
  3 giant cockroaches (D:1)
  2 goblins (D:1)
  A hobgoblin (D:1)
  2 quokkas (D:1)
  2 kobolds (D:1)
14 creatures vanquished.

Vanquished Creatures (others)
  A fungus (D:1)
1 creature vanquished.

Grand Total: 15 creatures vanquished

Notes
Turn   | Place    | Note
-------+----------+-------------------------------------------
     0 | D:1      | Plasmagod the Spriggan Hunter began the quest for the Orb.
     0 | D:1      | Reached XP level 1. HP: 10/10 MP: 2/2
    17 | D:1      | Reached skill level 5 in Bows
   377 | D:1      | Reached XP level 2. HP: 14/14 MP: 3/3
   613 | D:1      | Found a faded altar of an unknown god.
   620 | D:1      | Prayed at the altar of an unknown god.
   620 | D:1      | Became a worshipper of the Shining One
   620 | D:1      | Reached * piety under the Shining One
   621 | D:1      | Quit the game

Illustrated notes

Levels and vault maps discovered:
D:1:      dpeg_arrival_prison, layout_basic, ebering_ecumenical_altar_mist,
          serial_forest, infiniplex_forest_lined_3, infiniplex_forest_end_2,
          infiniplex_forest_lined_1, infiniplex_forest_lined_3_way

Skill      XL: |  1 |
---------------+----+-----
Bows           | 5 |  5.6
Fighting       | |  1.6
Short Blades   | |  0.1
Dodging        | |  2.7
Stealth        | |  1.5

Action                   || total
-------------------------++-------
Melee: Short sword       ||    11
 Fire: Shortbow          ||    28
Armor: Robe              ||     2
Dodge: Dodged            ||    20
